 Dungeon Crawl Stone Soup version 0.20.0 (webtiles) character file.

47345 MatthieuS the Earth Mage (level 14, -6/76 HPs)
             Began as a Gargoyle Earth Elementalist on June 22, 2017.
             Was the Champion of Ru.
             Hit by a large rock thrown by a stone giant (47 damage)
             ... on level 2 of the Orcish Mines.
             The game lasted 02:04:02 (21508 turns).

MatthieuS the Earth Mage (GrEE)                    Turns: 21508, Time: 02:04:03

Health: -6/76      AC: 18    Str: 12    XL:     14   Next: 41%
Magic:  18/25      EV: 14    Int: 19    God:    Ru [******]
Gold:   1577       SH:  4    Dex: 10    Spells: 14/32 levels left

rFire    . . .     SeeInvis .   c - +4 falchion (elec)
rCold    . . .     Gourm    .   z - +0 buckler
rNeg     + . .     Faith    .   J - +0 troll leather armour
rPois    ∞         Spirit   .   g - +0 helmet
rElec    +         Reflect  .   V - scarf {cloud immunity}
rCorr    .         Harm     .   o - +0 pair of gloves
MR       .....                  A - +2 pair of boots
Stlth    +++.......             y - amulet of magic regeneration
Regen    0.7/turn               H - ring of wizardry
MPRegen  0.3/turn               U - ring of stealth

@: drained
A: big wings, low mp 1, negative energy resistance 1, electricity resistance,
weak 1, unbreathing, petrification resistance, rot immunity, inability to use
devices, inability to train armour, magic vulnerability 1, AC +9
a: Fly, Draw Out Power, Power Leap, Apocalypse, Renounce Religion


You were on level 2 of the Orcish Mines.
You worshipped Ru.
Ru was exalted by your worship.
You were hungry.

You visited 3 branches of the dungeon, and saw 20 of its levels.
You also visited: Labyrinth and Sewer.

You collected 1624 gold pieces.
You spent 47 gold pieces at shops.

Inventory:

Hand Weapons
 a - a +5 long sword of electrocution
 c - a +4 falchion of electrocution (weapon)
 B - the +7 lajatang of Gosasumy {flame, *Drain rPois rF+ Stlth+}
   (You found it in a labyrinth)

   It has been specially enchanted to burn those struck by it, causing extra
   injury to most foes and up to half again as much damage against particularly
   susceptible opponents.
   Big, fiery blades are also staple armaments of hydra-hunters.
   It protects you from fire.
   It protects you from poison.
   It causes draining when unequipped.
   It makes you more stealthy.
Missiles
 u - 328 stones (quivered)
Armour
 g - a +0 helmet (worn)
 o - a +0 pair of gloves (worn)
 z - a +0 buckler (worn)
 A - a +2 pair of boots (worn)
 J - a +0 troll leather armour (worn)
 V - a scarf of cloud immunity (worn)
Jewellery
 y - an amulet of magic regeneration (around neck)
 F - an uncursed ring of protection from cold
 H - a ring of wizardry (left hand)
 U - a ring of stealth (right hand)
Scrolls
 h - 10 scrolls of remove curse
 i - a scroll of fog
 k - 7 scrolls of teleportation
 l - 4 scrolls of amnesia
 I - 3 scrolls of enchant armour
 K - 3 scrolls of summoning
 L - 2 scrolls of identify
 N - 2 scrolls of blinking
 O - a scroll of fear
 P - 2 scrolls of magic mapping
 Z - 2 scrolls of silence
Potions
 m - 9 potions of curing
 n - 3 potions of haste
 r - 5 potions of might
 t - 4 potions of lignification
 v - 2 potions of flight
 x - 4 potions of brilliance
 C - 2 potions of cancellation
 G - a potion of invisibility
 Q - a potion of resistance {unknown}
 T - a potion of magic {unknown}
 W - 2 potions of agility
Books
 e - a book of Geomancy

   Spells                             Type                      Level
   a - Sandblast                      Earth                        1
   b - Passwall                       Transmutation/Earth          2
   c - Stone Arrow                    Conjuration/Earth            3
   d - Petrify                        Transmutation/Earth          4
   e - Lee's Rapid Deconstruction     Earth                        5
 j - a book of Maledictions

   Spells                             Type                      Level
   a - Corona                         Hexes                        1
   b - Ensorcelled Hibernation        Hexes/Ice                    2
   c - Confuse                        Hexes                        3
   d - Tukima's Dance                 Hexes                        3
   e - Dazzling Spray                 Conjuration/Hexes            3
 q - a book of Callings

   Spells                             Type                      Level
   a - Summon Small Mammal            Summoning                    1
   b - Call Imp                       Summoning                    2
   c - Call Canine Familiar           Summoning                    3
   d - Summon Guardian Golem          Hexes/Summoning              3
   e - Summon Lightning Spire         Summoning/Air                4
   f - Summon Ice Beast               Ice/Summoning                4
 s - a book of Frost

   Spells                             Type                      Level
   a - Freeze                         Ice                          1
   b - Throw Frost                    Conjuration/Ice              2
   c - Ozocubu's Armour               Charms/Ice                   3
   d - Throw Icicle                   Conjuration/Ice              4
   e - Summon Ice Beast               Ice/Summoning                4
 w - the Reference Book on the Escort
   (You found it in a labyrinth)

   Spells                             Type                      Level
   a - Summon Butterflies             Summoning                    1
   b - Call Imp                       Summoning                    2
   c - Summon Ice Beast               Ice/Summoning                4
   d - Summon Lightning Spire         Summoning/Air                4
   e - Dragon's Call                  Summoning                    9
 D - a book of Misfortune

   Spells                             Type                      Level
   a - Confusing Touch                Hexes                        1
   b - Confuse                        Hexes                        3
   c - Gell's Gravitas                Translocation                3
   d - Petrify                        Transmutation/Earth          4
   e - Metabolic Englaciation         Hexes/Ice                    5
   f - Yara's Violent Unravelling     Hexes/Transmutation          5
 E - a book of Transfigurations

   Spells                             Type                      Level
   a - Irradiate                      Conjuration/Transmutation    5
   b - Statue Form                    Transmutation/Earth          6
   c - Hydra Form                     Transmutation                6
   d - Dragon Form                    Transmutation                7
Comestibles
 b - 12 chunks of flesh
 d - a bread ration
 f - 5 meat rations
 p - 5 royal jellies
 X - 14 fruits


   Skills:
 - Level 4.2(3.9) Fighting
 - Level 6.1(5.8) Long Blades
 + Level 7.4(7.1) Dodging
 - Level 2.4(2.2) Stealth
 - Level 4.0(3.8) Shields
 + Level 9.9(9.5) Spellcasting
 - Level 5.3(5.0) Conjurations
 + Level 1.5(1.3) Charms
 - Level 7.4(7.1) Transmutations
 + Level 2.1(1.8) Ice Magic
 - Level 17.7(17.4) Earth Magic


You had 14 spell levels left.
You knew the following spells:

 Your Spells              Type           Power        Failure   Level  Hunger
a - Sandblast             Erth           ######       0%          1    None
b - Passwall              Tmut/Erth      ######....   1%          2    None
c - Stone Arrow           Conj/Erth      ######       1%          3    None
d - Petrify               Tmut/Erth      ######..     1%          4    ###....
e - Lee's Rapid Deconstr  Erth           ######....   1%          5    #####..
f - Ozocubu's Armour      Chrm/Ice       ###.....     6%          3    None


Dungeon Overview and Level Annotations

Branches:
Dungeon (12/15)            Temple (0/1) D:6            Lair (6/6) D:8
 Shoals (0/4) Lair:2       Spider (0/4) Lair:4        Slime (0/5) Lair:5
    Orc (2/2) D:9
    Elf: Orc:2

Altars:
Ashenzari
Dithmenos
Elyvilon
Gozag
Nemelex Xobeh
Ru
Yredelemnul
Zin
The Shining One
Beogh

Shops:
D:5 [   D:9 %   D:10 (

Annotations:
D:10 Fannar
D:11 NoxCultor's ghost, journeyman MiBe
Lair:5 exclusion: 4 oklob plants


Innate Abilities, Weirdness & Mutations

You are resistant to torment.
Your stone body is resilient. (AC +9)
You are immune to poison.
Your large and strong wings let you fly indefinitely.
You resist negative energy. (rN+)
You are resistant to electric shocks. (rElec)
You are weak. (Str -2)
You can survive without breathing.
You are immune to petrification.
You are immune to rotting.
You cannot study or use magical devices.
You cannot train Armour skill.
You are slightly vulnerable to magic. (MR-)
Your magical capacity is low. (-10% MP)


Message History

The helpless stone giant fails to defend itself.
You hit the stone giant.
The stone giant is moderately wounded.
The stone giant is no longer petrified.
The stone giant barely misses you.
An orc comes into view. It is wielding a dagger.
The orc shouts! x3
You hit the stone giant but do no damage.
Lightning courses through the stone giant!
The stone giant is heavily wounded.
The stone giant hits you!!
You hit the stone giant.
Lightning courses through the stone giant!
The stone giant is heavily wounded.
The orc closely misses you.
You riposte.
You hit the orc.
The orc is severely wounded.
You block the stone giant's attack.
The stone giant throws a large rock.
The large rock barely misses you.
The stone giant throws a large rock.
The large rock hits you!!!
Ouch! That really hurt!
You die...

####### ###
##.##...#.## #...
#..........##....
##.#.............
..... .....o$...$
...... #C....(...
.#....##.(...o...
..........o......
###...@o...o....
##....<.......
#............
#..#.........
#...(........
#.....#......
.......#.... ....
.......


You could see a stone giant and 5 orcs.

Vanquished Creatures
  The ghost of zilverxoul the Basher, a journeyman DsFi (Lair:6)
  A minotaur (Lab)
  2 hydras
  An ice dragon (Lair:6)
  A merfolk avatar (Lair:6)
  2 two-headed ogres
  Sonja (Lair:2)
  A sea snake (Lair:6)
  The ghost of octopodefightclub the Fighter, a novice OpMo (D:6)
  A harpy (Lair:6)
  3 orc knights
  An oklob plant (Orc:1)
  A cyclops (D:11)
  A manticore (Lair:6)
  16 elephants
  5 black mambas
  8 spiny frogs
  8 komodo dragons
  5 rime drakes (Lair:6)
  A wind drake (Lair:6)
  3 trolls
  A merfolk (Lair:2)
  3 hornets (Lair:6)
  8 polar bears (Lair:6)
  10 blink frogs
  5 hippogriffs
  34 yaks
  3 wyverns
  8 basilisks
  6 hungry ghosts
  5 wargs
  14 water moccasins
  7 porcupines
  15 orc warriors
  5 phantoms
  A swamp drake (D:9)
  3 ice beasts
  5 sky beasts
  3 black bears
  6 ogres
  7 wolves
  A necrophage (D:6)
  3 centaurs
  A big kobold (Sewer)
  11 crocodiles
  13 bullfrogs
  A scorpion (D:6)
  A wyvern skeleton (D:6)
  17 killer bees
  13 wights
  4 electric eels (D:9)
  3 crimson imps
  2 howler monkeys
  A quasit (D:6)
  A centaur zombie (D:9)
  A jelly (D:8)
  10 orc priests
  2 hounds
  24 orc wizards
  3 bullfrog skeletons
  4 iguanas
  11 worker ants
  A hound skeleton (D:4)
  A worker ant zombie (D:8)
  A howler monkey skeleton (D:10)
  2 river rats (Sewer)
  12 adders
  A shadow imp (D:9)
  6 oozes
  6 worms
  3 dart slugs (D:2)
  A leopard gecko (D:2)
  71 orcs
  4 ball pythons
  13 bats
  4 giant cockroaches
  8 goblins
  7 hobgoblins
  11 jackals
  13 kobolds
  5 quokkas
  5 frilled lizards
  11 rats
  2 fungi (Lair:4)
  2 plants
530 creatures vanquished.

Vanquished Creatures (others)
  A spiny frog (Lair:5)
  A yak (Lair:2)
  A wight (D:11)
  A bullfrog skeleton (D:10)
  An iguana (D:7)
  25 fungi
  19 plants
49 creatures vanquished.

Grand Total: 579 creatures vanquished

Notes
Turn   | Place    | Note
-------+----------+-------------------------------------------
     0 | D:1      | MatthieuS the Gargoyle Earth Elementalist began the quest for the Orb.
     0 | D:1      | Reached XP level 1. HP: 10/10 MP: 3/3
   156 | D:1      | Reached skill level 4 in Earth Magic
   262 | D:1      | Reached XP level 2. HP: 15/15 MP: 3/5
   615 | D:1      | Learned a level 2 spell: Passwall
   775 | D:1      | Reached XP level 3. HP: 19/19 MP: 6/6
  1115 | D:2      | Learned a level 3 spell: Stone Arrow
  1363 | D:2      | Found a sacrificial altar of Ru.
  1366 | D:2      | Reached XP level 4. HP: 24/24 MP: 5/7
  1372 | D:2      | Became a worshipper of Ru the Awakened
  1582 | D:2      | Found a shadowy altar of Dithmenos.
  1614 | D:2      | Reached skill level 1 in Armour
  2227 | D:3      | Reached XP level 5. HP: 15/28 MP: 0/9
  2691 | D:3      | Learned a level 4 spell: Petrify
  2699 | D:3      | Gained mutation: You cannot train Armour skill. [Ru sacrifice]
  2699 | D:3      | Reached * piety under Ru
  3285 | D:4      | Reached skill level 1 in Shields
  3285 | D:4      | Reached skill level 5 in Earth Magic
  3446 | D:4      | Found a shattered altar of Ashenzari.
  3505 | D:4      | Reached XP level 6. HP: 11/33 MP: 4/10
  3751 | D:4      | Noticed a sky beast
  3758 | D:4      | Killed a sky beast
  3758 | D:4      | Reached skill level 6 in Earth Magic
  4575 | D:4      | Reached skill level 7 in Earth Magic
  4575 | D:4      | Reached XP level 7. HP: 18/37 MP: 5/11
  4726 | D:5      | Entered Level 5 of the Dungeon
  4927 | D:5      | Reached skill level 1 in Conjurations
  5113 | D:5      | Found a white marble altar of Elyvilon.
  5213 | D:5      | Found Kuankaum's Antique Armour Boutique.
  5251 | D:5      | Gained mutation: You are resistant to hostile enchantments. (MR+) [potion of mutation]
  5251 | D:5      | Gained mutation: You have a somewhat thin skeletal structure. (Dex +2, Stealth) [potion of mutation]
  5540 | D:6      | Reached skill level 5 in Conjurations
  5543 | D:6      | Reached XP level 8. HP: 21/42 MP: 1/12
  5584 | D:6      | Reached skill level 1 in Fighting
  5584 | D:6      | Reached skill level 1 in Transmutations
  5600 | D:6      | Found a glowing drain.
  5605 | Sewer    | Entered a sewer
  6214 | D:6      | Noticed octopodefightclub's ghost (novice OpMo)
  6226 | D:6      | Killed octopodefightclub's ghost
  6315 | D:6      | Reached XP level 9. HP: 46/52 MP: 3/13
  6779 | D:6      | Lost mutation: You are resistant to hostile enchantments. (MR+) [Ru sacrifice]
  6779 | D:6      | Gained mutation: You are slightly vulnerable to magic. (MR-) [Ru sacrifice]
  6779 | D:6      | Reached ** piety under Ru
  6779 | D:6      | Reached *** piety under Ru
  6870 | D:6      | Found a staircase to the Ecumenical Temple.
  7245 | D:7      | Reached skill level 8 in Earth Magic
  7656 | D:7      | Reached skill level 5 in Spellcasting
  7750 | D:7      | Reached skill level 9 in Earth Magic
  7816 | D:7      | Learned a level 5 spell: Lee's Rapid Deconstruction
  8258 | D:7      | Reached skill level 1 in Long Blades
  8258 | D:7      | Reached skill level 10 in Earth Magic
  8258 | D:7      | Reached XP level 10. HP: 53/57 MP: 17/17
  8636 | D:8      | Found a basalt altar of Yredelemnul.
  8638 | D:8      | Noticed a profane servitor
  8652 | D:8      | Found a glowing golden altar of the Shining One.
  8654 | D:8      | Noticed an angel
  8690 | D:8      | Reached skill level 11 in Earth Magic
  8835 | D:8      | Found a staircase to the Lair.
  9456 | D:8      | Found a sparkling altar of Nemelex Xobeh.
  9892 | D:9      | Found a staircase to the Orcish Mines.
 10304 | D:9      | Found Zidghit's Food Boutique.
 10310 | D:9      | Found a glowing silver altar of Zin.
 10323 | D:9      | Reached skill level 12 in Earth Magic
 10794 | D:10     | Entered Level 10 of the Dungeon
 10883 | D:10     | Reached XP level 11. HP: 61/61 MP: 3/18
 10896 | D:10     | Reached skill level 13 in Earth Magic
 10899 | D:10     | Reached skill level 5 in Long Blades
 10989 | D:10     | Noticed Fannar
 11073 | D:10     | Found Xunwij's Weapon Emporium.
 11074 | D:10     | Noticed a two-headed ogre
 11082 | D:9      | Killed a two-headed ogre
 11154 | D:10     | Bought 19 stones for 22 gold pieces
 11154 | D:10     | Bought 21 stones for 25 gold pieces
 11549 | D:10     | You fall through a shaft for 2 floors!
 11659 | D:11     | Noticed a cyclops
 11686 | D:11     | Killed a cyclops
 11697 | D:11     | Reached skill level 14 in Earth Magic
 12300 | D:11     | Noticed a two-headed ogre
 12311 | D:11     | Killed a two-headed ogre
 12428 | D:11     | Noticed NoxCultor's ghost (journeyman MiBe)
 12469 | D:11     | HP: 3/61 [NoxCultor's ghost (6)]
 12773 | D:10     | Found a runed door.
 12790 | D:10     | Noticed an orc knight
 12806 | D:10     | Killed an orc knight
 12886 | D:10     | Found a roughly hewn altar of Beogh.
 13108 | Lair:1   | Entered Level 1 of the Lair of Beasts
 13200 | Lair:1   | Reached skill level 15 in Earth Magic
 13209 | Lair:1   | HP: 2/61 [blink frog (8)]
 13238 | Lair:1   | Reached XP level 12. HP: 30/66 MP: 8/21
 13920 | Lair:2   | Noticed Sonja
 13943 | Lair:2   | Killed Sonja
 14143 | Lair:2   | Found a labyrinth entrance.
 14174 | Lab      | Entered a labyrinth
 14447 | Lab      | Gained mutation: You cannot study or use magical devices. [Ru sacrifice]
 14447 | Lab      | Reached **** piety under Ru
 14447 | Lab      | Reached ***** piety under Ru
 14533 | Lab      | Noticed a minotaur
 14545 | Lab      | Killed a minotaur
 14551 | Lab      | Identified the Reference Book on the Escort
 14553 | Lab      | Got a pitted lajatang
 14621 | Lair:2   | Identified the +7 lajatang of Gosasumy {flame, *Drain rPois rF+ Stlth+} (You found it in a labyrinth)
 14675 | Lair:2   | Noticed a four-headed hydra
 14804 | Lair:2   | Found a staircase to the Shoals.
 14834 | Lair:2   | Reached skill level 5 in Dodging
 15953 | Lair:4   | Learned a level 3 spell: Ozocubu's Armour
 16102 | Lair:4   | Found a hole to the Spider Nest.
 16152 | Lair:4   | Gained mutation: You are weak. (Str -2) [Ru sacrifice]
 16152 | Lair:4   | Reached ****** piety under Ru
 16163 | Lair:4   | Reached skill level 5 in Transmutations
 16857 | Lair:5   | Reached XP level 13. HP: 70/70 MP: 10/23
 17264 | Lair:5   | Reached skill level 16 in Earth Magic
 17862 | Lair:5   | Found a staircase to the Slime Pits.
 17999 | Lair:6   | Entered Level 6 of the Lair of Beasts
 18047 | Lair:6   | Noticed zilverxoul's ghost (journeyman DsFi)
 18223 | Lair:6   | Found a frozen archway.
 18223 | Lair:6   | Noticed an ice dragon
 18646 | Lair:6   | Found an opulent altar of Gozag.
 18751 | Lair:6   | Killed zilverxoul's ghost
 18846 | Lair:6   | Reached skill level 17 in Earth Magic
 18927 | Lair:6   | Gained mutation: Your large and strong wings let you fly indefinitely. [Gargoyle growth]
 18927 | Lair:6   | Reached XP level 14. HP: 76/76 MP: 27/27
 18929 | Lair:6   | Lost mutation: You have a somewhat thin skeletal structure. (Dex +2, Stealth) [potion of mutation]
 18929 | Lair:6   | Gained mutation: Your magical capacity is low. (-10% MP) [potion of mutation]
 19919 | Orc:1    | Entered Level 1 of the Orcish Mines
 19933 | Orc:1    | Reached skill level 1 in Ice Magic
 20138 | D:9      | Reached skill level 1 in Charms
 21196 | Orc:1    | Noticed an orc warlord
 21489 | Orc:2    | Entered Level 2 of the Orcish Mines
 21492 | Orc:2    | Noticed a stone giant
 21508 | Orc:2    | Hit by a large rock thrown by a stone giant

Skill      XL: |  1  2  3  4  5  6  7  8  9 10 11 12 13 14 |
---------------+-------------------------------------------+-----
Earth Magic    | 4 5 7 10 12 15 17 | 17.7
Dodging        | 2 7 |  7.4
Armour         | 1 0 |  0.0
Spellcasting   | 3 5 6 7 9 |  9.9
Shields        | 1 3 4 |  4.0
Conjurations   | 5 |  5.3
Fighting       | 4 |  4.2
Transmutations | 4 5 7 |  7.4
Long Blades    | 1 4 6 |  6.1
Ice Magic      | 2 |  2.1
Charms         | 1 |  1.5
Stealth        | |  2.4

Action                   |  1- 3 |  4- 6 |  7- 9 | 10-12 | 13-15 || total
-------------------------+-------+-------+-------+-------+-------++-------
Melee: Short sword       |    40 |       |       |       |       ||    40
       Whip              |    58 |   172 |       |       |       ||   230
       Hand axe          |       |   102 |    68 |       |       ||   170
       Long sword        |       |       |    23 |   561 |   256 ||   840
       Dagger            |       |       |    22 |       |       ||    22
       Falchion          |       |       |       |       |   216 ||   216
 Cast: Sandblast         |    28 |    48 |   100 |    71 |    87 ||   334
       Passwall          |     1 |       |       |     2 |     3 ||     6
       Stone Arrow       |       |       |    40 |    51 |    74 ||   165
       Lee's Rapid Decon |       |       |       |    24 |    48 ||    72
       Petrify           |       |       |       |    29 |    28 ||    57
       Ozocubu's Armour  |       |       |       |       |     4 ||     4
Invok: Sacrifice Durabil |       |     1 |       |       |       ||     1
       Sacrifice Essence |       |       |     1 |       |       ||     1
       Reject Sacrifices |       |       |       |     1 |       ||     1
       Draw Out Power    |       |       |       |     2 |     1 ||     3
       Sacrifice Purity  |       |       |       |     1 |       ||     1
       Sacrifice Artific |       |       |       |     1 |       ||     1
       Power Leap        |       |       |       |       |     2 ||     2
Evoke: Wand              |       |       |       |     2 |       ||     2
  Use: Scroll            |       |     7 |    15 |    14 |     5 ||    41
       Potion            |       |     3 |     1 |     9 |     5 ||    18
 Stab: Sleeping          |       |     4 |     1 |    11 |       ||    16
       Distracted        |       |       |     2 |     4 |       ||     6
       Petrified         |       |       |       |    37 |    76 ||   113
       Petrifying        |       |       |       |     2 |     3 ||     5
       Invisible         |       |       |       |     4 |     8 ||    12
       Paralysed         |       |       |       |       |     7 ||     7
  Eat: Chunk             |     2 |    11 |     4 |    20 |    17 ||    54
       Royal jelly       |       |       |     1 |       |       ||     1
       Bread ration      |       |       |     2 |     7 |     2 ||    11
Armor: Robe              |    25 |       |       |       |       ||    25
       Ring mail         |    48 |    35 |    36 |       |       ||   119
       Leather armour    |       |    86 |    45 |   140 |       ||   271
       Troll leather arm |       |       |       |   126 |   220 ||   346
Dodge: Dodged            |   114 |   174 |   114 |   324 |   316 ||  1042
Block: Buckler           |       |    40 |    35 |   123 |    95 ||   293
       Rpst.: Long sword |       |       |     8 |    90 |    45 ||   143
       Falchion          |       |       |       |       |    37 ||    37
